 Dungeon Crawl Stone Soup version 0.23.0 (webtiles) character file.

Game seed: 4007856584792807282

307 tidbits the Charmwright (level 6, -6/50 HPs)
             Began as a Gnoll Skald on Feb 11, 2019.
             Mangled by an ice beast (13 damage)
             ... on level 5 of the Dungeon.
             The game lasted 00:09:38 (1057 turns).

tidbits the Charmwright (Gnoll Skald)               Turns: 1057, Time: 00:09:39

Health: -6/50      AC:  4    Str: 18    XL:     6   Next: 40%
Magic:  1/14       EV: 14    Int: 18    God:
Gold:   217        SH:  0    Dex: 14    Spells: 4/15 levels left

rFire    . . .     SeeInvis .   a - +0 spear
rCold    . . .     Gourm    .   (no shield)
rNeg     . . .     Faith    .   b - +0 leather armour
rPois    .         Spirit   .   (no helmet)
rElec    .         Reflect  .   C - +0 cloak
rCorr    .         Harm     .   (no gloves)
MR       .....                  (no boots)
Stlth    +.........             (no amulet)
HPRegen  0.16/turn              r - ring of attention (curse)
MPRegen  0.14/turn              (no ring)

@: mighty, flying (expiring)
A: distributed training, fangs 1, strong nose
a: no special abilities


You were on level 5 of the Dungeon.
You were full.

You visited 1 branch of the dungeon, and saw 5 of its levels.

You collected 217 gold pieces.

Inventory:

Hand Weapons
 a - a +0 spear (weapon)
 e - a +0 dagger
 f - a +0 dagger of venom
   (You took it off a goblin on level 1 of the Dungeon)
 j - a +0 hunting sling
Missiles
 h - 38 stones (quivered)
 o - 41 sling bullets
 v - 25 arrows
Armour
 b - a +0 leather armour (worn)
 c - a +0 ring mail
 C - a +0 cloak (worn)
Jewellery
 r - a cursed ring of attention (left hand)
   (You found it on level 4 of the Dungeon)
 t - an uncursed ring of fire
   (You found it on level 4 of the Dungeon)
Scrolls
 g - a scroll of enchant armour {unknown}
 i - a scroll of blinking {unknown}
 k - a scroll of remove curse {unknown}
 m - a scroll of magic mapping {unknown}
 q - a scroll of teleportation {unknown}
 s - a scroll of amnesia {unknown}
Potions
 u - a potion of haste {unknown}
Comestibles
 d - 7 rations


   Skills:
 + Level 4.9 Fighting
 + Level 1.9 Short Blades
 + Level 1.9 Long Blades
 + Level 1.9 Axes
 + Level 1.9 Maces & Flails
 + Level 4.9 Polearms
 + Level 1.9 Staves
 + Level 1.9 Slings
 + Level 1.9 Bows
 + Level 1.9 Crossbows
 + Level 1.9 Throwing
 + Level 3.2 Armour
 + Level 4.9 Dodging
 + Level 1.9 Stealth
 + Level 1.9 Shields
 + Level 1.9 Unarmed Combat
 + Level 5.3 Spellcasting
 + Level 1.5 Conjurations
 + Level 1.5 Hexes
 + Level 5.6 Charms
 + Level 1.5 Summonings
 + Level 1.5 Necromancy
 + Level 1.5 Translocations
 + Level 1.5 Transmutations
 + Level 1.5 Fire Magic
 + Level 1.5 Ice Magic
 + Level 1.5 Air Magic
 + Level 1.5 Earth Magic
 + Level 1.5 Poison Magic
 + Level 2.1 Invocations
 + Level 1.9 Evocations


You had 4 spell levels left.
You knew the following spells:

 Your Spells              Type           Power        Failure   Level  Hunger
g - Shroud of Golubria    Chrm/Tloc      ###.......   5%          2    #......
i - Infusion              Chrm           ####         1%          1    None
r - Regeneration          Chrm/Necr      ###.......   11%         3    ##.....
w - Spectral Weapon       Hex/Chrm       ###.....     11%         3    ##.....
y - Song of Slaying       Chrm           ####....     2%          2    #......

Your spell library contained the following spells:

 Spells                   Type           Power        Failure   Level  Hunger


Dungeon Overview and Level Annotations

Branches:
Dungeon (5/15)
 Temple: D:4-7

Altars:
Nemelex Xobeh

Shops:
D:4 :


Innate Abilities, Weirdness & Mutations

Your experience applies equally to all skills.
You have very sharp teeth.
Your uncanny sense of smell can sniff out nearby items.


Message History

You hit something.
You hear some strange, mumbled words.
A puff of flame appears from out of thin air!
The puff of flame misses you.
The puff of flame hits your spectral weapon.
Your spectral weapon resists.
Your spectral weapon shares its damage with you!
Casting: Spectral Weapon (safe; 12% risk of failure)
Confirm with . or Enter, or press ? or * to list all spells.
Your skin crawls.
Something hits you.
You hit something. You bite something.
You hear some strange, mumbled words.
A magic dart appears from out of thin air!
The magic dart hits you!
* * * LOW HITPOINT WARNING * * *
Unknown command.
You hit something. Something hits you but does no damage.
You hit something.
You hear some strange, mumbled words.
A magic dart appears from out of thin air!
The magic dart hits you.
* * * LOW HITPOINT WARNING * * *
The orc jeers to no one in particular.
It was a potion of flight.
You feel very buoyant.
You fly up into the air.
Your skin is crawling a little less now.
You hear some strange, mumbled words.
Something tries to affect you, but you resist.
It was a potion of curing.
You feel better.
You hear some strange, mumbled words.
You are confused.
You bump into the rock wall.
Your spectral weapon fades away.
Something barely misses you.
Unknown command.
You bump into the rock wall.
Your song is almost over.
Something hits you but does no damage.
You bump into the rock wall.
You hear some strange, mumbled words.
A puff of flame appears from out of thin air!
The puff of flame hits you. You resist.
* * * LOW HITPOINT WARNING * * *
Your magical contamination has completely faded away.
Unknown command.
You miss something. Something barely misses you.
Unknown command.
You bump into the rock wall.
Your skin stops crawling.
Something hits you but does no damage.
Unknown command.
You bump into the rock wall.
Something barely misses you.
Unknown command.
You hit something.
You feel a bit more experienced.
Unknown command.
You bump into the rock wall.
You feel less confused.
Your song has ended.
The giant cockroach closely misses you. The giant cockroach misses you.
Unknown command.
Unknown command.
Casting: Regeneration (safe; 11% risk of failure)
Confirm with . or Enter, or press ? or * to list all spells.
You draw out your weapon's spirit!
The giant cockroach misses you.
You hit the giant cockroach but do no damage.
Your spectral weapon hits the giant cockroach from afar.
The giant cockroach barely misses you.
You hit the giant cockroach but do no damage.
Your spectral weapon hits the giant cockroach from afar!
You kill the giant cockroach!
You barely miss the orc.
Your spectral weapon hits the orc from afar!
The orc barely misses you.
You hit the orc.
You kill the orc!
You hit the orc.
The orc is heavily wounded.
Your spectral weapon hits the orc from afar.
You kill the orc!
You barely miss the ice beast.
You are starting to lose your buoyancy.
Your spectral weapon hits the ice beast from afar.
You hit the ice beast but do no damage.
The ice beast is lightly wounded.
Your spectral weapon misses the ice beast.
The ice beast hits you. The ice beast freezes you!
You feel a terrible chill!
* * * LOW HITPOINT WARNING * * *
Remove which piece of jewellery? (? for menu, Esc to quit)
You remove your ring of fire.
The ice beast hits you.
* * * LOW HITPOINT WARNING * * *
The ice beast freezes you!
* * * LOW HITPOINT WARNING * * *
It was a potion of might.
You feel very mighty all of a sudden. The ice beast hits you.
* * * LOW HITPOINT WARNING * * *
The ice beast freezes you!
You die...

##### #... ...
#..... #(#
#..... #@#
!... #Y# ...
#.#
#.###)###..#
#?...........
###....#######
#.$<#### #.#.#
#. ..#


You could see an ice beast and a friendly spectral +0 spear.

Vanquished Creatures
  2 bullfrog zombies
  An orc priest (D:3)
  3 orc wizards
  4 adders
  2 oozes
  3 worms (D:2)
  A dart slug (D:1)
  2 leopard geckos (D:4)
  9 orcs
  3 bats
  7 giant cockroaches
  7 goblins
  9 hobgoblins
  6 kobolds
  A ball python (D:3)
  4 frilled lizards
  A quokka skeleton (D:4)
  7 rats
72 creatures vanquished.

Vanquished Creatures (others)
  A spectral weapon (D:5)
1 creature vanquished.

Grand Total: 73 creatures vanquished

Notes
Turn   | Place    | Note
-------+----------+-------------------------------------------
     0 | D:1      | tidbits the Gnoll Skald began the quest for the Orb.
     0 | D:1      | Reached XP level 1. HP: 20/20 MP: 6/6
    34 | D:1      | Reached XP level 2. HP: 15/26 MP: 0/7
    79 | D:1      | Learned a level 2 spell: Song of Slaying
    82 | D:1      | Learned a level 2 spell: Shroud of Golubria
   188 | D:1      | Reached XP level 3. HP: 16/31 MP: 2/9
   193 | D:1      | Learned a level 3 spell: Regeneration
   197 | D:1      | Learned a level 3 spell: Spectral Weapon
   218 | D:2      | Reached skill level 5 in Spellcasting
   246 | D:2      | Reached skill level 1 in Invocations
   282 | D:1      | Reached skill level 1 in Short Blades
   282 | D:1      | Reached skill level 1 in Long Blades
   282 | D:1      | Reached skill level 1 in Axes
   282 | D:1      | Reached skill level 1 in Maces & Flails
   282 | D:1      | Reached skill level 1 in Staves
   282 | D:1      | Reached skill level 1 in Slings
   282 | D:1      | Reached skill level 1 in Bows
   282 | D:1      | Reached skill level 1 in Crossbows
   282 | D:1      | Reached skill level 1 in Throwing
   282 | D:1      | Reached skill level 1 in Stealth
   282 | D:1      | Reached skill level 1 in Shields
   282 | D:1      | Reached skill level 1 in Unarmed Combat
   282 | D:1      | Reached skill level 1 in Evocations
   353 | D:2      | Found a sparkling altar of Nemelex Xobeh.
   364 | D:2      | Reached XP level 4. HP: 27/38 MP: 7/11
   587 | D:4      | Found Tuwnu's Book Emporium.
   625 | D:3      | Reached skill level 1 in Conjurations
   625 | D:3      | Reached skill level 1 in Hexes
   625 | D:3      | Reached skill level 1 in Summonings
   625 | D:3      | Reached skill level 1 in Necromancy
   625 | D:3      | Reached skill level 1 in Translocations
   625 | D:3      | Reached skill level 1 in Transmutations
   625 | D:3      | Reached skill level 1 in Fire Magic
   625 | D:3      | Reached skill level 1 in Ice Magic
   625 | D:3      | Reached skill level 1 in Air Magic
   625 | D:3      | Reached skill level 1 in Earth Magic
   625 | D:3      | Reached skill level 1 in Poison Magic
   629 | D:3      | HP: 7/38 [orc priest/divine providence (11)]
   632 | D:3      | Reached XP level 5. HP: 30/43 MP: 5/12
   659 | D:3      | Reached skill level 3 in Armour
   923 | D:4      | Reached skill level 2 in Invocations
   923 | D:4      | Reached XP level 6. HP: 43/50 MP: 6/13
  1006 | D:5      | Entered Level 5 of the Dungeon
  1026 | D:5      | Noticed an ice beast
  1056 | D:5      | HP: 8/50 [ice beast (8)]
  1057 | D:5      | Mangled by an ice beast

Skill      XL: |  1  2  3  4  5 |
---------------+----------------+-----
Spellcasting   | 5 |  5.3
Invocations    | 1 2 |  2.1
Short Blades   | 1 |  1.9
Long Blades    | 1 |  1.9
Axes           | 1 |  1.9
Maces & Flails | 1 |  1.9
Staves         | 1 |  1.9
Slings         | 1 |  1.9
Bows           | 1 |  1.9
Crossbows      | 1 |  1.9
Throwing       | 1 |  1.9
Stealth        | 1 |  1.9
Shields        | 1 |  1.9
Unarmed Combat | 1 |  1.9
Evocations     | 1 |  1.9
Conjurations   | 1 |  1.5
Hexes          | 1 |  1.5
Summonings     | 1 |  1.5
Necromancy     | 1 |  1.5
Translocations | 1 |  1.5
Transmutations | 1 |  1.5
Fire Magic     | 1 |  1.5
Ice Magic      | 1 |  1.5
Air Magic      | 1 |  1.5
Earth Magic    | 1 |  1.5
Poison Magic   | 1 |  1.5
Armour         | 3 |  3.2
Fighting       | |  4.9
Polearms       | |  4.9
Dodging        | |  4.9
Charms         | |  5.6

Action                   |  1- 3 |  4- 6 || total
-------------------------+-------+-------++-------
Melee: Spear             |    84 |   125 ||   209
       Bite              |     7 |    12 ||    19
 Cast: Infusion          |     4 |       ||     4
       Spectral Weapon   |     4 |    16 ||    20
       Song of Slaying   |       |     3 ||     3
       Regeneration      |       |     2 ||     2
  Use: Potion            |       |     5 ||     5
 Stab: Distracted        |     1 |       ||     1
       Sleeping          |     1 |       ||     1
       Invisible         |       |     4 ||     4
  Eat: Ration            |     1 |     1 ||     2
Armor: Leather armour    |    17 |    17 ||    34
Dodge: Dodged            |    61 |    54 ||   115

Table legend:
 A = Turns spent in this place as a percentage of turns spent in the entire game.
 B = Non-inter-level travel turns spent in this place as a percentage of non-inter-level travel turns spent in the entire game.
 C = Inter-level travel turns spent in this place as a percentage of turns spent in this place.
 D = Turns resting spent in this place as a percentage of non-inter-level travel turns spent in this place.
 E = Turns spent auto-exploring this place as a percentage of non-inter-level travel turns spent in this place.
 F = Non-inter-level travel turns spent in this place divided by the number of levels of this place that you've seen.
                   A       B       C       D       E      F
               +-------+-------+-------+-------+-------+----------------------
         Total | 100.0 | 100.0 |   2.1 |   0.0 |   0.0 | 207.0
       Dungeon | 100.0 | 100.0 |   2.1 |   0.0 |   0.0 | 207.0
               +-------+-------+-------+-------+-------+----------------------

Table legend:
 A = Kills in this place as a percentage of kills in entire the game.
 B = Kills by you in this place as a percentage of kills by you in the entire game.
 C = Kills by friends in this place as a percentage of kills by friends in the entire game.
 D = Other kills in this place as a percentage of other kills in the entire game.
 E = Experience gained in this place as a percentage of experience gained in the entire game.
 F = Experience gained in this place divided by the number of levels of this place that you have seen.
                   A       B       C       D       E      F
               +-------+-------+-------+-------+-------+----------------------
         Total | 100.0 | 100.0 |   N/A |   N/A | 100.0 |  87.8
       Dungeon | 100.0 | 100.0 |   N/A |   N/A | 100.0 |  87.8
               +-------+-------+-------+-------+-------+----------------------

Levels and vault maps discovered:
D:1:      ebering_trefoil_3fold, layout_basic, st_stairs_9,
          chequers_serial_rivers_small_b, minmay_three_crescents
D:2:      layout_loops_ring, nemelex_xobeh_ov_fountains_minmay,
          lemuel_doored_altar, corexii_shack, kennysheep_path_1
D:3:      layout_loops_ring, cheibrodos_sewer_entry_bend, first_ration
D:4:      layout_rooms, serial_shops, shop
D:5:      layout_basic, minmay_temple_entry_waves
